Canadiens vs Capitals

Created - 19 janvier 2018 at 15:55

Goals
1 2 3 T
Canadiens 1 0 0 1
Capitals 2 1 2 5
Shots
1 2 3 T
Canadiens 9 7 4 20
Capitals 12 11 10 33

1st period

1. Capitals , Cam Atkinson 13 (Tyler Spurgeon 8, Mats Zuccarello 9) at 1:20
2. Canadiens , Robbie Earl 4 (Mark Borowiecki 12, Carl Gunnarsson 22) at 6:46
3. Capitals , Travis Zajac 14 (Ryan Whitney 34, Kenndal McArdle 18) at 14:18

Penalties :
Mark Stuart (MTL) for Roughing (Minor) at 15:03

2nd period

4. Capitals , Kristian Huselius 20 (Brandon Saad 10, Nathan Horton 33) at 4:12

Penalties :
Ben Lovejoy (MTL) for Slashing (Minor) at 7:21, Ryan Whitney (WSH) for Holding (Minor) at 14:49

3rd period

5. Capitals , Kenndal McArdle 17 (Bobby Ryan 22, Christian Ehrhoff 33) at 0:56
6. Capitals , Nathan Horton 25 (Kristian Huselius 35, Michael Stone 30) at 19:18

Penalties :
Mark Borowiecki (MTL) for Slashing (Minor) at 1:14, Hampus Lindholm (WSH) for Tripping (Minor) at 3:19, Marco Scandella (WSH) for Holding (Minor) at 13:47, Ryan Whitney (WSH) for Roughing (Minor) at 17:30, Pascal Dupuis (MTL) for Roughing (Minor) at 18:42

Goalie Stats

Carey Price (MTL), 28 saves from 33 shots - (0,848), L, 20-20-3, 60:00 minutes
Kari Lehtonen (WSH), 19 saves from 20 shots - (0,950), W, 30-14-2, 60:00 minutes

Players Stats for Canadiens

Player Name              G  A  P  +/- PIM S  H  SB GA TA FO     MP     PP MP  PK MP  
------------------------------------------------------------------------------------
Alexander Radulov        0  0  0  -2  0   2  0  0  0  0  0/0    17:09   3:22   0:08 
Andrej Meszaros          0  0  0  -2  0   0  0  1  0  0  0/0    22:29   3:49   3:04 
Andy Hilbert             0  0  0  -1  0   0  0  0  0  0  3/4    11:29   0:02   3:20 
Ben Lovejoy              0  0  0  -1  2   1  5  2  0  0  0/0    22:39   2:45   2:34 
Carl Gunnarsson          0  1  1  -1  0   2  0  3  0  0  0/0    18:31   4:43   0:59 
Connor McDavid           0  0  0  -1  0   4  0  0  0  0  7/22   17:32   3:24   0:20 
Darren Helm              0  0  0  -3  0   1  0  1  0  0  7/17   14:26   0:00   0:00 
Jack Skille              0  0  0  -1  0   0  0  0  0  0  0/0     8:07   0:00   0:00 
Joel Ward                0  0  0  -2  0   0  0  0  0  0  0/0    14:07   0:00   0:28 
Jonathan Ericsson        0  0  0  -1  0   0  0  0  0  0  0/0    20:20   0:03   2:18 
Mark Borowiecki          0  1  1  -1  2   1  3  0  0  0  0/0    15:20   0:00   1:46 
Mark Stuart              0  0  0  -2  2   0  2  3  0  0  0/0    20:18   2:58   1:53 
Pascal Dupuis            0  0  0  -1  2   2  3  1  0  0  0/0    20:29   3:44   2:57 
Rene Bourque             0  0  0   1  0   2  1  0  0  0  0/1    12:09   0:02   2:04 
Robbie Earl              1  0  1   1  0   2  3  0  0  0  0/0    13:48   3:45   0:00 
Ryan Malone              0  0  0  -1  0   1  1  0  0  0  2/4     9:12   0:00   1:05 
T.J. Galiardi            0  0  0   0  0   1  0  1  0  0  12/24  17:27   3:45   2:52 
Tomas Surovy             0  0  0  -1  0   1  5  0  0  0  1/3    17:10   3:22   0:00 

Players Stats for Capitals

Player Name              G  A  P  +/- PIM S  H  SB GA TA FO     MP     PP MP  PK MP  
------------------------------------------------------------------------------------
Alexander Killorn        0  0  0   0  0   2  0  0  0  0  0/0     6:21   0:00   0:00 
Bobby Ryan               0  1  1   2  0   1  1  0  0  0  0/0    16:26   2:36   0:00 
Brandon Saad             0  1  1   1  0   1  0  0  0  0  0/1    13:37   0:00   0:00 
Cam Atkinson             1  0  1   0  0   2  0  0  0  0  1/2    16:11   3:51   0:31 
Christian Ehrhoff        0  1  1   1  0   0  3  0  0  0  0/0    22:34   2:52   3:47 
Hampus Lindholm          0  0  0   2  2   0  2  0  0  0  0/0    16:40   0:00   0:11 
Jonas Brodin             0  0  0   0  0   0  1  1  0  0  0/0    18:21   0:00   3:14 
Kenndal McArdle          1  1  2   2  0   3  1  0  0  0  0/1    16:53   2:36   0:00 
Kristian Huselius        1  1  2   2  0   3  0  0  0  0  0/1    17:48   3:51   0:00 
Marco Scandella          0  0  0   0  2   1  0  2  0  0  0/0    20:38   2:52   2:40 
Marcus Kruger            0  0  0   0  0   3  1  0  0  0  0/0    11:11   0:00   4:50 
Mats Zuccarello          0  1  1   0  0   1  0  0  0  0  1/1    11:49   0:00   0:00 
Michael Stone            0  1  1   3  0   4  0  1  0  0  0/0    21:35   3:35   2:38 
Mikael Backlund          0  0  0   0  0   0  1  0  0  0  10/16  11:10   0:00   4:49 
Nathan Horton            1  1  2   2  0   4  4  0  0  0  17/24  19:52   3:51   2:04 
Ryan Whitney             0  1  1   2  4   0  3  0  0  0  0/0    20:08   3:35   1:48 
Travis Zajac             1  0  1   2  0   6  0  1  0  0  10/21  18:57   2:36   2:04 
Tyler Spurgeon           0  1  1   0  0   2  0  1  0  0  4/8    11:49   0:00   0:00 

3 Stars

1 - Nathan Horton (WSH)
2 - Kenndal McArdle (WSH)
3 - Kristian Huselius (WSH)

Power Play

Canadiens - 0 on 4 Attempt(s) - 0,00%
Capitals - 0 on 4 Attempt(s) - 0,00%

Penalty Kill

Canadiens - 4 on 4 Attempt(s) - 100,00% - Score 0 goal in Penalty Kill
Capitals - 4 on 4 Attempt(s) - 100,00% - Score 0 goal in Penalty Kill

Team Stat

Canadiens - Hits : 23 - Faceoff Wins : 32 - Blocked Shots : 12 - Penalty Minutes : 8
Capitals - Hits : 17 - Faceoff Wins : 43 - Blocked Shots : 6 - Penalty Minutes : 8

Official

Referees : Olivier Gouin and Kyle Rehman
Linesman : Kory Nagy and Joe Maynard

Game Notes

No Game Note

Finance

Level 1 -- Attendance: 5574 (92,90%) -- Ticket Income 613 140 $
Level 2 -- Attendance: 3847 (76,94%) -- Ticket Income 307 760 $
Level 3 -- Attendance: 2000 (100,00%) -- Ticket Income 90 000 $
Level 4 -- Attendance: 2825 (70,63%) -- Ticket Income 107 350 $
Luxury Box -- Attendance: 1636 (60,59%) -- Ticket Income 327 200 $
Game was played at the MCI Center.
Total Attendance: 15882 (80,62%)
Total Ticket Income: 1 445 450 $
Other Income: 708 270 $
Total Income: 2 153 720 $

Canadiens

5 vs 5 Forward 
   Center                   Left Wing                Right Wing               Time % Phy DF OF 
 1 Connor McDavid           Pascal Dupuis            Tomas Surovy             35     0   3  2  
 2 Darren Helm              Joel Ward                Alexander Radulov        32     0   2  3  
 3 T.J. Galiardi            Robbie Earl              Rene Bourque             27     0   3  2  
 4 Ryan Malone              Jack Skille              Andy Hilbert             6      0   3  2  

5 vs 5 Defense 
   Defense                  Defense                                           Time % Phy DF OF 
 1 Andrej Meszaros          Mark Stuart                                       33     0   2  3  
 2 Ben Lovejoy              Jonathan Ericsson                                 33     0   3  2  
 3 Carl Gunnarsson          Mark Borowiecki                                   33     0   3  2  
 4 Andrej Meszaros          Mark Stuart                                       1      0   3  2  

PowerPlay Forward 
   Center                   Left Wing                Right Wing               Time % Phy DF OF 
 1 Connor McDavid           Alexander Radulov        Tomas Surovy             55     1   1  3  
 2 T.J. Galiardi            Pascal Dupuis            Robbie Earl              45     1   1  3  

PowerPlay Defense
   Defense                  Defense                                           Time % Phy DF OF 
 1 Andrej Meszaros          Carl Gunnarsson                                   55     1   2  2  
 2 Ben Lovejoy              Mark Stuart                                       45     1   2  2  

Penalty Kill 4 Players Forward 
   Center                   Wing                     Time % Phy DF OF 
 1 T.J. Galiardi            Pascal Dupuis            55     0   3  2  
 2 Andy Hilbert             Rene Bourque             45     0   3  2  

Penalty Kill 4 Players Defense
   Defense                  Defense                  Time % Phy DF OF 
 1 Andrej Meszaros          Mark Stuart              55     1   3  1  
 2 Ben Lovejoy              Jonathan Ericsson        45     1   3  1  

Penalty Kill - 3 Players Forward 
   Forward                                           Time % Phy DF OF 
 1 T.J. Galiardi                                     54     1   4  0  
 2 Connor McDavid                                    46     1   4  0  

Penalty Kill - 3 Players Defense
   Defense                  Defense                  Time % Phy DF OF 
 1 Andrej Meszaros          Mark Stuart              54     1   4  0  
 2 Ben Lovejoy              Jonathan Ericsson        46     1   4  0  

4 vs 4 Forward 
   Center                   Wing                     Time % Phy DF OF 
 1 Darren Helm              T.J. Galiardi            55     1   1  3  
 2 Connor McDavid           Alexander Radulov        45     1   1  3  

4 vs 4 Defense
   Defense                  Defense                  Time % Phy DF OF 
 1 Andrej Meszaros          Mark Stuart              55     1   2  2  
 2 Ben Lovejoy              Jonathan Ericsson        45     1   2  2  

Last Minutes Offensive
   Center                   Left Wing                Right Wing               Defense                  Defense                  
   Connor McDavid           Alexander Radulov        T.J. Galiardi            Andrej Meszaros          Mark Borowiecki          

Last Minutes Defensive
   Center                   Left Wing                Right Wing               Defense                  Defense                  
   T.J. Galiardi            Rene Bourque             Andy Hilbert             Mark Stuart              Andrej Meszaros          

Goaltenders
Starting : Carey Price              
Backup : Louis Domingue           

Extra Forwards
Normal : Alexander Radulov, Darren Helm, Connor McDavid - PP : Pascal Dupuis, Robbie Earl - PK : T.J. Galiardi
Extra Defensemen
Normal : Jonathan Ericsson, Mark Borowiecki, Ben Lovejoy - PP : Carl Gunnarsson - PK : Mark Borowiecki, Ben Lovejoy
Penalty Shots
Robbie Earl, Alexander Radulov, Connor McDavid, Pascal Dupuis, Darren Helm
Custom OT Lines Forwards
Darren Helm, T.J. Galiardi, Connor McDavid, Alexander Radulov, Tomas Surovy, Pascal Dupuis, Joel Ward, Robbie Earl, Ryan Malone, Andy Hilbert
Custom OT Lines Defensemen
Andrej Meszaros, Mark Stuart, Ben Lovejoy, Jonathan Ericsson, Mark Borowiecki

Scratches
Adam McQuaid (Healthy)

Capitals

5 vs 5 Forward 
   Center                   Left Wing                Right Wing               Time % Phy DF OF 
 1 Nathan Horton            Brandon Saad             Kristian Huselius        30     1   1  3  
 2 Travis Zajac             Kenndal McArdle          Bobby Ryan               30     0   2  3  
 3 Tyler Spurgeon           Mats Zuccarello          Cam Atkinson             24     0   2  3  
 4 Mikael Backlund          Marcus Kruger            Alexander Killorn        16     1   3  1  

5 vs 5 Defense 
   Defense                  Defense                                           Time % Phy DF OF 
 1 Ryan Whitney             Michael Stone                                     34     0   3  2  
 2 Christian Ehrhoff        Hampus Lindholm                                   33     0   3  2  
 3 Marco Scandella          Jonas Brodin                                      27     0   4  1  
 4 Marco Scandella          Jonas Brodin                                      6      0   4  1  

PowerPlay Forward 
   Center                   Left Wing                Right Wing               Time % Phy DF OF 
 1 Nathan Horton            Cam Atkinson             Kristian Huselius        50     0   0  5  
 2 Travis Zajac             Kenndal McArdle          Bobby Ryan               50     0   0  5  

PowerPlay Defense
   Defense                  Defense                                           Time % Phy DF OF 
 1 Ryan Whitney             Michael Stone                                     50     0   0  5  
 2 Christian Ehrhoff        Marco Scandella                                   50     0   0  5  

Penalty Kill 4 Players Forward 
   Center                   Wing                     Time % Phy DF OF 
 1 Mikael Backlund          Marcus Kruger            60     0   5  0  
 2 Travis Zajac             Nathan Horton            40     0   5  0  

Penalty Kill 4 Players Defense
   Defense                  Defense                  Time % Phy DF OF 
 1 Ryan Whitney             Marco Scandella          50     0   5  0  
 2 Christian Ehrhoff        Jonas Brodin             50     0   5  0  

Penalty Kill - 3 Players Forward 
   Forward                                           Time % Phy DF OF 
 1 Marcus Kruger                                     60     0   5  0  
 2 Mikael Backlund                                   40     0   5  0  

Penalty Kill - 3 Players Defense
   Defense                  Defense                  Time % Phy DF OF 
 1 Ryan Whitney             Marco Scandella          50     0   5  0  
 2 Christian Ehrhoff        Jonas Brodin             50     0   5  0  

4 vs 4 Forward 
   Center                   Wing                     Time % Phy DF OF 
 1 Nathan Horton            Kristian Huselius        50     1   1  3  
 2 Travis Zajac             Kenndal McArdle          50     0   2  3  

4 vs 4 Defense
   Defense                  Defense                  Time % Phy DF OF 
 1 Ryan Whitney             Michael Stone            50     0   4  1  
 2 Christian Ehrhoff        Hampus Lindholm          50     0   4  1  

Last Minutes Offensive
   Center                   Left Wing                Right Wing               Defense                  Defense                  
   Nathan Horton            Bobby Ryan               Kristian Huselius        Ryan Whitney             Jonas Brodin             

Last Minutes Defensive
   Center                   Left Wing                Right Wing               Defense                  Defense                  
   Travis Zajac             Marcus Kruger            Nathan Horton            Christian Ehrhoff        Hampus Lindholm          

Goaltenders
Starting : Kari Lehtonen            
Backup : Marc Denis               

Extra Forwards
Normal : Brandon Saad, Cam Atkinson, Tyler Spurgeon - PP : Tyler Spurgeon, Brandon Saad - PK : Cam Atkinson
Extra Defensemen
Normal : Hampus Lindholm, Jonas Brodin, Michael Stone - PP : Michael Stone - PK : Marco Scandella, Michael Stone
Penalty Shots
Bobby Ryan, Ryan Whitney, Nathan Horton, Kristian Huselius, Kenndal McArdle
Custom OT Lines Forwards
Nathan Horton, Kristian Huselius, Travis Zajac, Bobby Ryan, Tyler Spurgeon, Cam Atkinson, Mikael Backlund, Kenndal McArdle, Mats Zuccarello, Brandon Saad
Custom OT Lines Defensemen
Christian Ehrhoff, Hampus Lindholm, Ryan Whitney, Jonas Brodin, Marco Scandella

Scratches
None


% Time on Ice - Canadiens

Lines # - Real PCT - Wanted PCT - Time Play
Normal Forward
1 - 30% - 35% - 13:48
2 - 30% - 32% - 13:39
3 - 22% - 27% - 10:03
4 - 18% - 6% - 8:07
Normal Defense
1 - 31% - 33% - 14:22
2 - 37% - 33% - 16:45
3 - 30% - 33% - 13:35
4 - 2% - 1% - 0:55
PP Forward
1 - 48% - 55% - 3:24
2 - 52% - 45% - 3:45
PP Defense
1 - 61% - 55% - 4:22
2 - 39% - 45% - 2:47
PK Forward
1 - 71% - 55% - 4:35
2 - 29% - 45% - 1:52
PK Defense
1 - 59% - 55% - 3:49
2 - 41% - 45% - 2:38
PK3 Forward
1 - 0% - 54%
2 - 0% - 46%
PK3 Defense
1 - 0% - 54%
2 - 0% - 46%
44 Forward
1 - 100% - 55% - 0:47
2 - 0% - 45% - 0:00
44 Defense
1 - 23% - 55% - 0:11
2 - 77% - 45% - 0:36
Last Minute Offensive  - 0:00
Last Minute Defensive  - 0:00
Total
Forward - 60:00
Defense - 60:00

% Time on Ice - Capitals

Lines # - Real PCT - Wanted PCT - Time Play
Normal Forward
1 - 30% - 30% - 13:37
2 - 30% - 30% - 13:50
3 - 26% - 24% - 11:49
4 - 14% - 16% - 6:21
Normal Defense
1 - 32% - 34% - 14:47
2 - 34% - 33% - 15:43
3 - 29% - 27% - 13:23
4 - 4% - 6% - 1:44
PP Forward
1 - 60% - 50% - 3:51
2 - 40% - 50% - 2:36
PP Defense
1 - 56% - 50% - 3:35
2 - 44% - 50% - 2:52
PK Forward
1 - 71% - 60% - 5:05
2 - 29% - 40% - 2:04
PK Defense
1 - 61% - 50% - 4:22
2 - 39% - 50% - 2:47
PK3 Forward
1 - 0% - 60%
2 - 0% - 40%
PK3 Defense
1 - 0% - 50%
2 - 0% - 50%
44 Forward
1 - 43% - 50% - 0:20
2 - 57% - 50% - 0:27
44 Defense
1 - 74% - 50% - 0:35
2 - 26% - 50% - 0:12
Last Minute Offensive  - 0:00
Last Minute Defensive  - 0:00
Total
Forward - 60:00
Defense - 60:00

Play by Play

1st period


0:01 of 1st period - Nathan Horton wins face-off versus Connor McDavid in neutral zone.
0:12 of 1st period - Icing by Mark Stuart.
0:13 of 1st period - Travis Zajac wins face-off versus Connor McDavid in Canadiens zone.
0:28 of 1st period - Shot by Pascal Dupuis.
0:28 of 1st period - Shot Misses the Net.
1:20 of 1st period - Shot by Cam Atkinson.
1:20 of 1st period - Goal by Cam Atkinson - Canadiens : 0 - Capitals : 1.
1:21 of 1st period - Mikael Backlund wins face-off versus Darren Helm in neutral zone.
1:50 of 1st period - Shot by Alexander Radulov.
1:50 of 1st period - Stopped by Kari Lehtonen without a rebound.
1:51 of 1st period - T.J. Galiardi wins face-off versus Brandon Saad in Capitals zone.
4:27 of 1st period - Darren Helm is hit by Hampus Lindholm and loses puck.
4:48 of 1st period - Shot by Travis Zajac.
4:48 of 1st period - Stopped by Carey Price without a rebound.
4:49 of 1st period - T.J. Galiardi wins face-off versus Mikael Backlund in Canadiens zone.
4:58 of 1st period - Mark Borowiecki is hit by Mikael Backlund.
5:24 of 1st period - Off-side.
5:25 of 1st period - Nathan Horton wins face-off versus Connor McDavid in neutral zone.
5:40 of 1st period - Shot by Nathan Horton.
5:40 of 1st period - Stopped by Carey Price with a rebound.
5:42 of 1st period - Shot by Hampus Lindholm.
5:42 of 1st period - Shot Misses the Net.
5:44 of 1st period - Shot by Hampus Lindholm.
5:44 of 1st period - Shot Misses the Net.
6:04 of 1st period - Shot by Connor McDavid.
6:04 of 1st period - Stopped by Kari Lehtonen without a rebound.
6:05 of 1st period - Travis Zajac wins face-off versus Darren Helm in Capitals zone.
6:26 of 1st period - Shot by Darren Helm.
6:26 of 1st period - Stopped by Kari Lehtonen without a rebound.
6:27 of 1st period - Tyler Spurgeon wins face-off versus T.J. Galiardi in Capitals zone.
6:27 of 1st period - Jonas Brodin is hit by Robbie Earl and loses puck.
6:46 of 1st period - Shot by Robbie Earl.
6:46 of 1st period - Goal by Robbie Earl - Canadiens : 1 - Capitals : 1.
6:47 of 1st period - Darren Helm wins face-off versus Travis Zajac in neutral zone.
7:07 of 1st period - Off-side.
7:08 of 1st period - Mikael Backlund wins face-off versus Connor McDavid in neutral zone.
7:19 of 1st period - Connor McDavid is hit by Christian Ehrhoff and loses puck.
7:28 of 1st period - Shot by Marcus Kruger.
7:28 of 1st period - Shot Misses the Net.
7:30 of 1st period - Shot by Marcus Kruger.
7:30 of 1st period - Stopped by Carey Price without a rebound.
7:31 of 1st period - T.J. Galiardi wins face-off versus Nathan Horton in Canadiens zone.
7:37 of 1st period - Andrej Meszaros is hit by Jonas Brodin.
7:55 of 1st period - Shot by T.J. Galiardi.
7:55 of 1st period - Stopped by Kari Lehtonen with a rebound.
8:59 of 1st period - Shot by Ryan Whitney.
8:59 of 1st period - Shot Blocked by Carl Gunnarsson.
9:20 of 1st period - Bobby Ryan is hit by Mark Borowiecki and loses puck.
9:59 of 1st period - Shot by Connor McDavid.
9:59 of 1st period - Deflect By Pascal Dupuis.
9:59 of 1st period - Stopped by Kari Lehtonen without a rebound.
10:00 of 1st period - Mikael Backlund wins face-off versus Ryan Malone in Capitals zone.
10:37 of 1st period - Shot by Jack Skille.
10:37 of 1st period - Deflect By Ryan Malone.
10:37 of 1st period - Stopped by Kari Lehtonen without a rebound.
10:38 of 1st period - Connor McDavid wins face-off versus Tyler Spurgeon in Capitals zone.
11:21 of 1st period - Shot by Mark Stuart.
11:21 of 1st period - Shot Blocked by Tyler Spurgeon.
12:50 of 1st period - Shot by Nathan Horton.
12:50 of 1st period - Stopped by Carey Price with a rebound.
13:07 of 1st period - Brandon Saad is hit by Ben Lovejoy and loses puck.
13:12 of 1st period - Shot by Kristian Huselius.
13:12 of 1st period - Shot Misses the Net.
13:36 of 1st period - Shot by Marcus Kruger.
13:36 of 1st period - Stopped by Carey Price with a rebound.
14:05 of 1st period - Shot by Connor McDavid.
14:05 of 1st period - Stopped by Kari Lehtonen without a rebound.
14:06 of 1st period - Travis Zajac wins face-off versus Ryan Malone in Capitals zone.
14:06 of 1st period - Travis Zajac is hit by Ryan Malone.
14:16 of 1st period - Shot by Travis Zajac.
14:16 of 1st period - Stopped by Carey Price with a rebound.
14:18 of 1st period - Shot by Travis Zajac.
14:18 of 1st period - Goal by Travis Zajac - Canadiens : 1 - Capitals : 2.
14:19 of 1st period - Tyler Spurgeon wins face-off versus T.J. Galiardi in neutral zone.
15:00 of 1st period - Shot by Mats Zuccarello.
15:00 of 1st period - Shot Blocked by Carl Gunnarsson.
15:02 of 1st period - Shot by Cam Atkinson.
15:02 of 1st period - Stopped by Carey Price without a rebound.
15:03 of 1st period - Nathan Horton wins face-off versus Connor McDavid in Canadiens zone.
15:03 of 1st period - Minor Penalty to Mark Stuart for Roughing.
15:04 of 1st period - T.J. Galiardi wins face-off versus Travis Zajac in Canadiens zone.
15:04 of 1st period - T.J. Galiardi is hit by Bobby Ryan.
15:16 of 1st period - Pascal Dupuis is hit by Kenndal McArdle and loses puck.
15:33 of 1st period - Shot by Ryan Whitney.
15:33 of 1st period - Shot Misses the Net.
15:35 of 1st period - Shot by Michael Stone.
15:35 of 1st period - Stopped by Carey Price without a rebound.
15:36 of 1st period - Andy Hilbert wins face-off versus Nathan Horton in Canadiens zone.
16:19 of 1st period - Shot by Christian Ehrhoff.
16:19 of 1st period - Shot Misses the Net.
16:21 of 1st period - Shot by Nathan Horton.
16:21 of 1st period - Shot Misses the Net.
16:35 of 1st period - Shot by Travis Zajac.
16:35 of 1st period - Shot Blocked by Pascal Dupuis.
17:06 of 1st period - Shot by Alexander Killorn.
17:06 of 1st period - Stopped by Carey Price without a rebound.
17:07 of 1st period - Darren Helm wins face-off versus Mikael Backlund in Canadiens zone.
17:32 of 1st period - Shot by Marco Scandella.
17:32 of 1st period - Shot Misses the Net.
18:08 of 1st period - Icing by Darren Helm.
18:09 of 1st period - Darren Helm wins face-off versus Travis Zajac in Canadiens zone.
19:27 of 1st period - Shot by Nathan Horton.
19:27 of 1st period - Deflect By Kristian Huselius.
19:27 of 1st period - Stopped by Carey Price without a rebound.
19:28 of 1st period - Ryan Malone wins face-off versus Tyler Spurgeon in Canadiens zone.
19:36 of 1st period - Off-side.
19:37 of 1st period - Ryan Malone wins face-off versus Nathan Horton in neutral zone.
19:39 of 1st period - Off-side.
19:40 of 1st period - T.J. Galiardi wins face-off versus Nathan Horton in neutral zone.
19:54 of 1st period - Shot by Rene Bourque.
19:54 of 1st period - Stopped by Kari Lehtonen without a rebound.
19:55 of 1st period - Tyler Spurgeon wins face-off versus Connor McDavid in Capitals zone.
Goals for this period are 1 for Canadiens vs 2 for Capitals.
Shots for this period are 9 for Canadiens vs 12 for Capitals.

2nd period


0:01 of 2nd period - Connor McDavid wins face-off versus Nathan Horton in neutral zone.
0:01 of 2nd period - Connor McDavid is hit by Nathan Horton.
0:09 of 2nd period - Shot by Tomas Surovy.
0:09 of 2nd period - Deflect By Connor McDavid.
0:09 of 2nd period - Shot Misses the Net.
0:11 of 2nd period - Shot by Jonathan Ericsson.
0:11 of 2nd period - Shot Misses the Net.
0:13 of 2nd period - Shot by Jonathan Ericsson.
0:13 of 2nd period - Shot Blocked by Michael Stone.
0:15 of 2nd period - Shot by Ben Lovejoy.
0:15 of 2nd period - Stopped by Kari Lehtonen without a rebound.
0:16 of 2nd period - Darren Helm wins face-off versus Travis Zajac in Capitals zone.
0:33 of 2nd period - Shot by Joel Ward.
0:33 of 2nd period - Shot Blocked by Marco Scandella.
0:35 of 2nd period - Shot by Mark Stuart.
0:35 of 2nd period - Shot Misses the Net.
0:37 of 2nd period - Shot by Joel Ward.
0:37 of 2nd period - Deflect By Darren Helm.
0:37 of 2nd period - Shot Misses the Net.
0:39 of 2nd period - Shot by Mark Stuart.
0:39 of 2nd period - Shot Misses the Net.
0:41 of 2nd period - Shot by Alexander Radulov.
0:41 of 2nd period - Stopped by Kari Lehtonen without a rebound.
0:42 of 2nd period - Nathan Horton wins face-off versus Connor McDavid in Capitals zone.
0:59 of 2nd period - Shot by Tomas Surovy.
0:59 of 2nd period - Deflect By Connor McDavid.
0:59 of 2nd period - Shot Misses the Net.
1:19 of 2nd period - Connor McDavid is hit by Ryan Whitney and loses puck.
1:26 of 2nd period - Shot by Tomas Surovy.
1:26 of 2nd period - Deflect By Pascal Dupuis.
1:26 of 2nd period - Stopped by Kari Lehtonen with a rebound.
1:33 of 2nd period - Icing by Michael Stone.
1:34 of 2nd period - Nathan Horton wins face-off versus T.J. Galiardi in Capitals zone.
1:34 of 2nd period - Nathan Horton is hit by Robbie Earl.
1:37 of 2nd period - Icing by Michael Stone.
1:38 of 2nd period - Nathan Horton wins face-off versus Darren Helm in Capitals zone.
2:02 of 2nd period - Icing by Darren Helm.
2:03 of 2nd period - Travis Zajac wins face-off versus Darren Helm in Canadiens zone.
2:09 of 2nd period - Travis Zajac is hit by Mark Borowiecki and loses puck.
2:14 of 2nd period - Shot by Kenndal McArdle.
2:14 of 2nd period - Stopped by Carey Price with a rebound.
2:20 of 2nd period - Shot by Kenndal McArdle.
2:20 of 2nd period - Stopped by Carey Price without a rebound.
2:21 of 2nd period - Tomas Surovy wins face-off versus Tyler Spurgeon in Canadiens zone.
2:26 of 2nd period - Cam Atkinson is hit by Pascal Dupuis.
2:40 of 2nd period - Shot by Mats Zuccarello.
2:40 of 2nd period - Stopped by Carey Price without a rebound.
2:41 of 2nd period - T.J. Galiardi wins face-off versus Travis Zajac in Canadiens zone.
3:33 of 2nd period - Icing by Christian Ehrhoff.
3:34 of 2nd period - Connor McDavid wins face-off versus Travis Zajac in Capitals zone.
3:43 of 2nd period - Shot by Connor McDavid.
3:43 of 2nd period - Stopped by Kari Lehtonen with a rebound.
3:50 of 2nd period - Icing by Christian Ehrhoff.
3:51 of 2nd period - Travis Zajac wins face-off versus Darren Helm in Capitals zone.
4:12 of 2nd period - Shot by Kristian Huselius.
4:12 of 2nd period - Goal by Kristian Huselius - Canadiens : 1 - Capitals : 3.
4:13 of 2nd period - Cam Atkinson wins face-off versus Connor McDavid in neutral zone.
4:20 of 2nd period - Shot by Mats Zuccarello.
4:20 of 2nd period - Deflect By Tyler Spurgeon.
4:20 of 2nd period - Shot Misses the Net.
4:33 of 2nd period - Shot by Mats Zuccarello.
4:33 of 2nd period - Deflect By Cam Atkinson.
4:33 of 2nd period - Shot Blocked by Mark Stuart.
4:36 of 2nd period - Icing by Andrej Meszaros.
4:37 of 2nd period - Nathan Horton wins face-off versus Connor McDavid in Canadiens zone.
4:58 of 2nd period - Connor McDavid is hit by Ryan Whitney and loses puck.
5:42 of 2nd period - Shot by Cam Atkinson.
5:42 of 2nd period - Shot Blocked by Mark Stuart.
6:29 of 2nd period - Shot by Hampus Lindholm.
6:29 of 2nd period - Shot Blocked by Ben Lovejoy.
6:32 of 2nd period - Bobby Ryan is hit by Ben Lovejoy and loses puck.
7:20 of 2nd period - Marcus Kruger is hit by Ben Lovejoy and loses puck.
7:21 of 2nd period - Minor Penalty to Ben Lovejoy for Slashing.
7:22 of 2nd period - Andy Hilbert wins face-off versus Kristian Huselius in Canadiens zone.
9:08 of 2nd period - Shot by Michael Stone.
9:08 of 2nd period - Stopped by Carey Price with a rebound.
9:20 of 2nd period - Shot by Ryan Whitney.
9:20 of 2nd period - Shot Misses the Net.
9:22 of 2nd period - Shot by Marco Scandella.
9:22 of 2nd period - Shot Blocked by Ben Lovejoy.
9:24 of 2nd period - Shot by Marco Scandella.
9:24 of 2nd period - Shot Misses the Net.
9:26 of 2nd period - Shot by Marcus Kruger.
9:26 of 2nd period - Shot Blocked by Darren Helm.
9:28 of 2nd period - Shot by Marcus Kruger.
9:28 of 2nd period - Stopped by Carey Price without a rebound.
9:29 of 2nd period - Darren Helm wins face-off versus Mikael Backlund in Canadiens zone.
9:53 of 2nd period - Joel Ward is hit by Hampus Lindholm.
10:28 of 2nd period - Shot by Cam Atkinson.
10:28 of 2nd period - Shot Misses the Net.
11:03 of 2nd period - Nathan Horton is hit by Ben Lovejoy.
11:11 of 2nd period - Shot by Brandon Saad.
11:11 of 2nd period - Shot Misses the Net.
11:39 of 2nd period - Shot by Connor McDavid.
11:39 of 2nd period - Stopped by Kari Lehtonen without a rebound.
11:40 of 2nd period - Travis Zajac wins face-off versus T.J. Galiardi in Capitals zone.
11:47 of 2nd period - Shot by Travis Zajac.
11:47 of 2nd period - Stopped by Carey Price without a rebound.
11:48 of 2nd period - Connor McDavid wins face-off versus Travis Zajac in Canadiens zone.
12:11 of 2nd period - Shot by Pascal Dupuis.
12:11 of 2nd period - Shot Misses the Net.
12:45 of 2nd period - Shot by T.J. Galiardi.
12:45 of 2nd period - Deflect By Robbie Earl.
12:45 of 2nd period - Stopped by Kari Lehtonen with a rebound.
12:47 of 2nd period - Shot by T.J. Galiardi.
12:47 of 2nd period - Shot Misses the Net.
12:49 of 2nd period - Shot by Rene Bourque.
12:49 of 2nd period - Deflect By Robbie Earl.
12:49 of 2nd period - Shot Misses the Net.
13:03 of 2nd period - Shot by Robbie Earl.
13:03 of 2nd period - Shot Blocked by Travis Zajac.
13:05 of 2nd period - Shot by T.J. Galiardi.
13:05 of 2nd period - Shot Blocked by Jonas Brodin.
13:07 of 2nd period - Shot by T.J. Galiardi.
13:07 of 2nd period - Shot Blocked by Marco Scandella.
13:26 of 2nd period - T.J. Galiardi is hit by Nathan Horton.
13:52 of 2nd period - Shot by Nathan Horton.
13:52 of 2nd period - Stopped by Carey Price without a rebound.
13:53 of 2nd period - Mats Zuccarello wins face-off versus Tomas Surovy in Canadiens zone.
14:49 of 2nd period - Minor Penalty to Ryan Whitney for Holding.
14:50 of 2nd period - Mikael Backlund wins face-off versus T.J. Galiardi in Capitals zone.
14:56 of 2nd period - Icing by Carl Gunnarsson.
14:57 of 2nd period - Mikael Backlund wins face-off versus T.J. Galiardi in Canadiens zone.
15:08 of 2nd period - Shot by Carl Gunnarsson.
15:08 of 2nd period - Stopped by Kari Lehtonen without a rebound.
15:09 of 2nd period - Mikael Backlund wins face-off versus Connor McDavid in Capitals zone.
16:08 of 2nd period - Icing by Andrej Meszaros.
16:09 of 2nd period - T.J. Galiardi wins face-off versus Mikael Backlund in Canadiens zone.
16:36 of 2nd period - Nathan Horton is hit by Pascal Dupuis and loses puck.
16:49 of 2nd period - Shot by Robbie Earl.
16:49 of 2nd period - Shot Misses the Net.
18:09 of 2nd period - Ryan Malone is hit by Christian Ehrhoff and loses puck.
18:15 of 2nd period - Kristian Huselius is hit by Ben Lovejoy and loses puck.
19:23 of 2nd period - Alexander Killorn is hit by Mark Borowiecki.
19:39 of 2nd period - Shot by Alexander Killorn.
19:39 of 2nd period - Stopped by Carey Price without a rebound.
19:40 of 2nd period - Tyler Spurgeon wins face-off versus Darren Helm in Canadiens zone.
19:43 of 2nd period - Shot by Tyler Spurgeon.
19:43 of 2nd period - Stopped by Carey Price without a rebound.
19:44 of 2nd period - Nathan Horton wins face-off versus Darren Helm in Canadiens zone.
19:55 of 2nd period - Shot by Nathan Horton.
19:55 of 2nd period - Deflect By Brandon Saad.
19:55 of 2nd period - Stopped by Carey Price without a rebound.
19:56 of 2nd period - Connor McDavid wins face-off versus Tyler Spurgeon in Canadiens zone.
Goals for this period are 0 for Canadiens vs 1 for Capitals.
Shots for this period are 7 for Canadiens vs 11 for Capitals.

3rd period


0:01 of 3rd period - Connor McDavid wins face-off versus Nathan Horton in neutral zone.
0:04 of 3rd period - Ryan Whitney is hit by Tomas Surovy and loses puck.
0:13 of 3rd period - Shot by Connor McDavid.
0:13 of 3rd period - Shot Misses the Net.
0:15 of 3rd period - Shot by Carl Gunnarsson.
0:15 of 3rd period - Stopped by Kari Lehtonen without a rebound.
0:16 of 3rd period - Darren Helm wins face-off versus Travis Zajac in Capitals zone.
0:16 of 3rd period - Alexander Radulov is hit by Christian Ehrhoff and loses puck.
0:24 of 3rd period - Kenndal McArdle is hit by Mark Stuart and loses puck.
0:54 of 3rd period - Shot by Christian Ehrhoff.
0:54 of 3rd period - Deflect By Bobby Ryan.
0:54 of 3rd period - Stopped by Carey Price with a rebound.
0:56 of 3rd period - Shot by Kenndal McArdle.
0:56 of 3rd period - Goal by Kenndal McArdle - Canadiens : 1 - Capitals : 4.
0:57 of 3rd period - Nathan Horton wins face-off versus Connor McDavid in neutral zone.
0:57 of 3rd period - Nathan Horton is hit by Tomas Surovy.
1:14 of 3rd period - Minor Penalty to Mark Borowiecki for Slashing.
1:15 of 3rd period - T.J. Galiardi wins face-off versus Cam Atkinson in Canadiens zone.
1:15 of 3rd period - T.J. Galiardi is hit by Nathan Horton.
1:25 of 3rd period - Shot by Kristian Huselius.
1:25 of 3rd period - Stopped by Carey Price without a rebound.
1:26 of 3rd period - Travis Zajac wins face-off versus T.J. Galiardi in Canadiens zone.
1:29 of 3rd period - Shot by Ryan Whitney.
1:29 of 3rd period - Shot Blocked by Andrej Meszaros.
1:31 of 3rd period - Shot by Travis Zajac.
1:31 of 3rd period - Stopped by Carey Price without a rebound.
1:32 of 3rd period - T.J. Galiardi wins face-off versus Travis Zajac in Canadiens zone.
2:04 of 3rd period - Shot by Marco Scandella.
2:04 of 3rd period - Stopped by Carey Price without a rebound.
2:05 of 3rd period - Nathan Horton wins face-off versus T.J. Galiardi in Canadiens zone.
2:23 of 3rd period - Icing by Ryan Whitney.
2:24 of 3rd period - Nathan Horton wins face-off versus Andy Hilbert in Capitals zone.
2:56 of 3rd period - Icing by Cam Atkinson.
2:57 of 3rd period - Andy Hilbert wins face-off versus Nathan Horton in Capitals zone.
3:19 of 3rd period - Minor Penalty to Hampus Lindholm for Tripping.
3:20 of 3rd period - Mikael Backlund wins face-off versus Connor McDavid in Capitals zone.
3:20 of 3rd period - Mikael Backlund is hit by Tomas Surovy.
3:29 of 3rd period - Icing by Alexander Radulov.
3:30 of 3rd period - Mikael Backlund wins face-off versus Connor McDavid in Canadiens zone.
3:49 of 3rd period - Shot by Jonas Brodin.
3:49 of 3rd period - Shot Blocked by Carl Gunnarsson.
5:33 of 3rd period - Shot by Mark Borowiecki.
5:33 of 3rd period - Stopped by Kari Lehtonen with a rebound.
5:35 of 3rd period - Shot by Ryan Malone.
5:35 of 3rd period - Shot Misses the Net.
7:17 of 3rd period - Shot by Jonas Brodin.
7:17 of 3rd period - Shot Blocked by Mark Stuart.
7:29 of 3rd period - Shot by Tyler Spurgeon.
7:29 of 3rd period - Stopped by Carey Price without a rebound.
7:30 of 3rd period - T.J. Galiardi wins face-off versus Mikael Backlund in Canadiens zone.
7:30 of 3rd period - T.J. Galiardi is hit by Marcus Kruger.
8:23 of 3rd period - Off-side.
8:24 of 3rd period - Nathan Horton wins face-off versus Connor McDavid in neutral zone.
8:31 of 3rd period - Icing by Tomas Surovy.
8:32 of 3rd period - Nathan Horton wins face-off versus Connor McDavid in Canadiens zone.
10:14 of 3rd period - Shot by Tyler Spurgeon.
10:14 of 3rd period - Shot Misses the Net.
10:44 of 3rd period - Shot by Joel Ward.
10:44 of 3rd period - Shot Misses the Net.
10:55 of 3rd period - Mats Zuccarello is hit by Mark Stuart and loses puck.
11:41 of 3rd period - Shot by Connor McDavid.
11:41 of 3rd period - Deflect By Tomas Surovy.
11:41 of 3rd period - Stopped by Kari Lehtonen without a rebound.
11:42 of 3rd period - Travis Zajac wins face-off versus Rene Bourque in Capitals zone.
11:42 of 3rd period - Travis Zajac is hit by Rene Bourque.
11:50 of 3rd period - Icing by Carl Gunnarsson.
11:51 of 3rd period - T.J. Galiardi wins face-off versus Kenndal McArdle in Canadiens zone.
12:07 of 3rd period - Shot by Rene Bourque.
12:07 of 3rd period - Stopped by Kari Lehtonen without a rebound.
12:08 of 3rd period - Nathan Horton wins face-off versus Tomas Surovy in Capitals zone.
12:08 of 3rd period - Nathan Horton is hit by Tomas Surovy.
13:47 of 3rd period - Minor Penalty to Marco Scandella for Holding.
13:48 of 3rd period - T.J. Galiardi wins face-off versus Mikael Backlund in Capitals zone.
14:34 of 3rd period - Icing by Robbie Earl.
14:35 of 3rd period - Mikael Backlund wins face-off versus T.J. Galiardi in Canadiens zone.
14:55 of 3rd period - Travis Zajac is hit by Robbie Earl and loses puck.
15:21 of 3rd period - Mikael Backlund is hit by Tomas Surovy and loses puck.
15:36 of 3rd period - Ben Lovejoy is hit by Nathan Horton.
17:29 of 3rd period - Robbie Earl is hit by Ryan Whitney.
17:30 of 3rd period - Minor Penalty to Ryan Whitney for Roughing.
17:31 of 3rd period - Mikael Backlund wins face-off versus T.J. Galiardi in Capitals zone.
17:31 of 3rd period - Mikael Backlund is hit by Pascal Dupuis.
18:31 of 3rd period - Icing by Connor McDavid.
18:32 of 3rd period - Connor McDavid wins face-off versus Travis Zajac in Canadiens zone.
18:42 of 3rd period - Minor Penalty to Pascal Dupuis for Roughing.
18:43 of 3rd period - Nathan Horton wins face-off versus Darren Helm in Canadiens zone.
18:48 of 3rd period - Shot by Michael Stone.
18:48 of 3rd period - Stopped by Carey Price without a rebound.
18:49 of 3rd period - Travis Zajac wins face-off versus T.J. Galiardi in Canadiens zone.
18:52 of 3rd period - Shot by Michael Stone.
18:52 of 3rd period - Stopped by Carey Price without a rebound.
18:53 of 3rd period - Travis Zajac wins face-off versus Darren Helm in Canadiens zone.
19:02 of 3rd period - Shot by Travis Zajac.
19:02 of 3rd period - Shot Misses the Net.
19:04 of 3rd period - Shot by Travis Zajac.
19:04 of 3rd period - Stopped by Carey Price without a rebound.
19:05 of 3rd period - Nathan Horton wins face-off versus Darren Helm in Canadiens zone.
19:16 of 3rd period - Shot by Kristian Huselius.
19:16 of 3rd period - Shot Blocked by T.J. Galiardi.
19:18 of 3rd period - Shot by Nathan Horton.
19:18 of 3rd period - The goal is going for a video replay.
19:18 of 3rd period - The goal is good.
19:18 of 3rd period - Goal by Nathan Horton - Canadiens : 1 - Capitals : 5.
19:19 of 3rd period - Darren Helm wins face-off versus Travis Zajac in neutral zone.
19:49 of 3rd period - Shot by T.J. Galiardi.
19:49 of 3rd period - Shot Misses the Net.
19:54 of 3rd period - Icing by Kristian Huselius.
19:55 of 3rd period - Nathan Horton wins face-off versus T.J. Galiardi in Capitals zone.
Goals for this period are 0 for Canadiens vs 2 for Capitals.
Shots for this period are 4 for Canadiens vs 10 for Capitals.